 Dungeon Crawl Stone Soup version 0.24-a0-176-gc3651c4 (webtiles) character file.

Game seed: 8752522570040810324

203 Inarius the Sneak (level 5, -1/40 HPs)
             Began as a Demonspawn Assassin on Mar 12, 2019.
             Slain by a gnoll
             ... wielding a +0 halberd
              (5 damage)
             ... on level 3 of the Dungeon.
             The game lasted 00:06:56 (3133 turns).

Inarius the Sneak (Demonspawn Assassin)             Turns: 3133, Time: 00:06:58

Health: -1/40      AC:  7    Str: 11 (12) XL:     5   Next: 51%
Magic:  5/5        EV: 12    Int: 10 (12) God:
Gold:   147        SH:  0    Dex: 12 (15) Spells: 4/4 levels left

rFire    . . .     SeeInvis .   b - +0 blowgun
rCold    . . .     Gourm    .   (no shield)
rNeg     . . .     Faith    .   o - +0 leather armour
rPois    .         Spirit   .   h - +0 helmet
rElec    .         Reflect  .   c - +0 cloak
rCorr    .         Harm     .   (no gloves)
MR       .....                  (no boots)
Stlth    +++.......             (no amulet)
HPRegen  0.13/turn              (no ring)
MPRegen  0.09/turn              (no ring)

@: lethally poisoned (-1 -> -20)
A: molten scales 1, nightstalker 1, rot immunity
a: no special abilities


You were on level 3 of the Dungeon.
You were not hungry.

You visited 1 branch of the dungeon, and saw 4 of its levels.

You collected 147 gold pieces.

Inventory:

Hand Weapons
 a - a +3 dagger
 b - a +0 blowgun (weapon)
Missiles
 e - 30 poisoned needles (quivered)
 f - 2 curare-tipped needles
Armour
 c - a +0 cloak (worn)
 d - a +0 cloak
 h - a +0 helmet (worn)
 o - a +0 leather armour (worn)
Scrolls
 k - 3 scrolls of identify
 l - a scroll of remove curse
 m - 3 scrolls of noise
Potions
 i - a potion of agility {unknown}
 j - a potion of lignification {unknown}
 q - a potion of brilliance {unknown}
Comestibles
 g - 6 rations


   Skills:
 + Level 2.9 Fighting
 + Level 3.1 Short Blades
 + Level 2.3 Throwing
 + Level 1.3 Armour
 + Level 2.3 Dodging
 + Level 4.1 Stealth


You had 4 spell levels left.
You didn't know any spells.
Your spell library was empty.

Dungeon Overview and Level Annotations

Branches:
Dungeon (4/15)
 Temple: D:4-7

Altars:
Sif Muna
Trog
Xom


Innate Abilities, Weirdness & Mutations

You are partially covered in molten scales. (AC +2)
You are slightly more attuned to the shadows.
You are immune to rotting.


Message History

The gnoll hits you from afar with a +1 halberd of venom!
You are more poisoned.
The gnoll closely misses you.
You feel sick.
The gnoll hits you from afar with a +1 halberd of venom!
* * * LOW HITPOINT WARNING * * *
You are more poisoned.
* * * LOW HITPOINT WARNING * * *
You feel sick.
* * * LOW HITPOINT WARNING * * *
You feel sick.
* * * LOW HITPOINT WARNING * * *
You feel sick.
It was a potion of degeneration.
There was something very wrong with that liquid.
You feel weakened.
You feel dopey.
You feel clumsy.
* * * LOW HITPOINT WARNING * * *
You feel sick. The gnoll barely misses you.
The gnoll hits you from afar with a +0 halberd.
You die...

######### #.......#
#.......# ... #.......#
...### #.......# ....#
#.......# #...#
###g......#### ...
..#)##.......# #.#
#.#.#####.##.# #@#
#.#.......##.###.#
#[)............gg#
#.#.###.#........#
#.#.##........#.<#
..#..........((..###
...)(.....#.(....#.#####..
#.####..#((.....#.........
#..(....#.#####.##.#####..


You could see 2 gnolls.

Vanquished Creatures
  Jessica (D:2)
  2 orc wizards (D:3)
  A gnoll (D:3)
  4 adders
  An ooze (D:4)
  A worm (D:2)
  A leopard gecko (D:3)
  6 orcs
  7 bats
  7 giant cockroaches
  A goblin (D:2)
  6 hobgoblins
  4 jackals (D:2)
  9 kobolds
  A ball python skeleton (D:4)
  4 frilled lizards
  9 rats
65 creatures vanquished.

Notes
Turn   | Place    | Note
-------+----------+-------------------------------------------
     0 | D:1      | Inarius the Demonspawn Assassin began the quest for the
                  | Orb.
     0 | D:1      | Reached XP level 1. HP: 16/16 MP: 1/1
   239 | D:1      | Reached skill level 1 in Dodging
   426 | D:1      | Gained mutation: You are partially covered in molten
                  | scales. (AC +2) [demonic ancestry]
   426 | D:1      | Reached XP level 2. HP: 22/22 MP: 2/2
   903 | D:2      | Found a bloodstained altar of Trog.
   918 | D:2      | Gained mutation: You are slightly more attuned to the
                  | shadows. [demonic ancestry]
   918 | D:2      | Reached XP level 3. HP: 28/28 MP: 3/3
  1334 | D:2      | You fall through a shaft!
  1454 | D:3      | Found a deep blue altar of Sif Muna.
  1606 | D:3      | Reached XP level 4. HP: 25/34 MP: 4/4
  2505 | D:4      | Found a shimmering altar of Xom.
  2741 | D:2      | Noticed Jessica
  2743 | D:2      | Killed Jessica
  2743 | D:2      | Reached skill level 1 in Armour
  2743 | D:2      | Reached skill level 4 in Stealth
  2743 | D:2      | Gained mutation: You are immune to rotting. [demonic
                  | ancestry]
  2743 | D:2      | Reached XP level 5. HP: 40/40 MP: 5/5
  3133 | D:3      | Slain by a gnoll

Levels and vault maps discovered:
D:1:      saegor_arrival_simple_c, layout_basic
D:2:      layout_loops_ring, lightli_temple_of_fire, uniq_jessica
D:3:      layout_loops_cross, nicolae_overflow_crystal_walls,
          okawaru_altar_gauntlet_db
D:4:      layout_loops_cross, xom_redecorated

Skill      XL: |  1  2  3  4  5 |
---------------+----------------+-----
Dodging        | 1 2 |  2.3
Short Blades   | 2 3 |  3.1
Throwing       | 2 |  2.3
Armour         | 1 |  1.3
Stealth        | 4 |  4.1
Fighting       | |  2.9

Action                   |  1- 3 |  4- 6 || total
-------------------------+-------+-------++-------
Melee: Dagger            |   131 |    93 ||   224
 Fire: Blowgun           |    12 |    23 ||    35
  Use: Scroll            |       |     5 ||     5
       Potion            |       |     1 ||     1
 Stab: Sleeping          |     8 |     5 ||    13
  Eat: Chunk             |     2 |     5 ||     7
Armor: Robe              |    20 |       ||    20
       Leather armour    |    31 |    22 ||    53
Dodge: Dodged            |    74 |    56 ||   130

Table legend:
 A = Non-vault XP
 B = Vault XP
 C = Vault XP percentage of total XP
 D = Non-vault monster count
 E = Vault monster count
 F = Vault count percentage of total count
                 A         B        C        D         E       F
            +---------+---------+-------+---------+---------+-------
      Total |     253 |      37 |  12.8 |      64 |       1 |   1.5
            +---------+---------+-------+---------+---------+-------
        D:1 |      19 |       0 |   0.0 |      13 |       0 |   0.0
        D:2 |      52 |      37 |  41.6 |      22 |       1 |   4.3
        D:3 |     171 |       0 |   0.0 |      26 |       0 |   0.0
        D:4 |      11 |       0 |   0.0 |       3 |       0 |   0.0
            +---------+---------+-------+---------+---------+-------
